 Dungeon Crawl Stone Soup version 0.27-a0-1147-gb3d8e82157 (webtiles) character file.

Game seed: 7408195812528473941

114 Shayle the Insei (level 4, 0/23 HPs)
             Began as a Vine Stalker Warper on May 11, 2021.
             Slain by a gnoll
             ... wielding a +0 whip
              (8 damage)
             ... on level 3 of the Dungeon.
             The game lasted 00:07:56 (2939 turns).

Shayle the Insei (Vine Stalker Warper)              Turns: 2939, Time: 00:07:57

Health: 0/23       AC:  5    Str: 14    XL:     4   Next: 97%
Magic:  0/8        EV: 11    Int: 13    God:
Gold:   10         SH:  0    Dex: 14    Spells: 7/7 levels left

rFire    . . .     SeeInvis .     - Unarmed
rCold    . . .     Faith    .   (no shield)
rNeg     . . .     Spirit   +   a - +0 leather armour
rPois    .         Reflect  .   m - +0 helmet
rElec    .         Harm     .   (no cloak)
rCorr    .         Rampage  .   (no gloves)
Will     .....                  e - +0 pair of boots
Stlth    +.........             (no amulet)
HPRegen  1.07/turn              (no ring)
MPRegen  0.11/turn              (no ring)

@: about to teleport
A: fangs 2, regeneration 1, magic shield, antimagic bite, no potion heal 2
a: no special abilities


You were on level 3 of the Dungeon.
You visited 1 branch of the dungeon, and saw 3 of its levels.

You collected 10 gold pieces.

Inventory:

Hand Weapons
 g - a +1 short sword of protection
 j - a +1 short sword of freezing
Missiles
 d - 5 boomerangs of dispersal (quivered)
Armour
 a - a +0 leather armour (worn)
 e - a +0 pair of boots (worn)
 m - a +0 helmet (worn)
Scrolls
 c - a scroll of teleportation
 h - a scroll of fog {unknown}
 i - a scroll of immolation {unknown}
 k - a scroll of identify {unknown}
 l - a scroll of vulnerability {unknown}
Potions
 b - 2 potions of heal wounds {unknown}
 f - a potion of haste {unknown}


   Skills:
 - Level 1.7 Fighting
 - Level 0.8 Throwing
 - Level 0.7 Armour
 - Level 1.5 Dodging
 + Level 5.0 Unarmed Combat
 - Level 2.1 Spellcasting
 - Level 3.0 Translocations


You had 7 spell levels left.
You didn't know any spells.
Your spell library contained the following spells:

 Spells                   Type           Power      Damage    Failure   Level
 Blink                    Tloc           N/A        N/A       14%         2
 Gell's Gravitas          Tloc           4%         N/A       28%         3
 Lesser Beckoning         Tloc           4%         N/A       28%         3
 Teleport Other           Tloc           9%         N/A       28%         3
 Manifold Assault         Tloc           9%         N/A       95%         5


Dungeon Overview and Level Annotations

Branches:
Dungeon (3/15)

Altars:

Shops:
D:2 ?


Innate Abilities, Weirdness & Mutations

You have extremely sharp teeth.
Your natural rate of healing is unusually fast.
When hurt, damage is shared between your health and your magic reserves.
Your bite disrupts and absorbs the magic of your enemies.
Potions cannot restore your health.


Message History

The ball python bites you but does no damage.
The ball python closely misses you. The orc hits you with a +0 short sword.
The orc hits you but does no damage.
The ball python bites you but does no damage.
The ball python grabs you. The ball python constricts you.
There is a stone staircase leading up here.
You barely miss the orc. You bite the orc, but do no damage.
The orc hits you with a +0 short sword. The orc hits you with a +0 falchion!
The ball python closely misses you. The ball python constricts you.
You escape the ball python's grasp.
The orc hits you with a +0 short sword. The orc closely misses you.
The ball python bites you. The ball python closely misses you.
You climb upwards.
There is a stone staircase leading down here.
The orc hits you with a +0 falchion.
* * * LOW HITPOINT WARNING * * *
The orc barely misses you.
Things that are here:
a +0 hand axe; an orc corpse
Things that are here:
a +0 hand axe; an orc corpse
There is a stone staircase leading down here.
The orc hits you but does no damage.
You climb downwards.
The gnoll shouts! x4
The bat barely misses you. The bullfrog zombie hits you.
The gnoll hits you but does no damage. The bat hits you but does no damage.
The bullfrog zombie hits you but does no damage.
The gnoll misses you. The gnoll hits you with a +0 whip.
There is a stone staircase leading up here.
As you read the scroll labelled CUIJOTE ILORI, it crumbles to dust.
You feel strangely unstable.
It was a scroll of teleportation.
The bat closely misses you. The bullfrog zombie barely misses you.
The orc hits you with a +0 short sword. The gnoll barely misses you.
The gnoll closely misses you. The gnoll barely misses you.
The bullfrog zombie closely misses you. The bat barely misses you.
The gnoll hits you with a +0 flail! The orc barely misses you.
The bullfrog zombie misses you. The gnoll hits you with a +0 whip!
You die...

.#. .. ##..
######..####
#..........#
#.....g....#
#...$......#
#....gbZ...#
#...bo@g...#
#......g......
#..........###
#..........#
#..........#
#######.####
.# .#


You could see 4 gnolls, an orc, a bullfrog zombie and 2 bats.

Vanquished Creatures
  A hound (D:2)
  4 dart slugs
  2 orcs (D:2)
  7 ball pythons
  6 bats
  7 endoplasms
  2 giant cockroaches
  9 goblins
  A hobgoblin (D:1)
  3 jackals (D:1)
  2 quokkas (D:1)
  12 frilled lizards
  8 kobolds
  5 rats
69 creatures vanquished.

Vanquished Creatures (others)
  4 plants (D:2)
4 creatures vanquished.

Grand Total: 73 creatures vanquished

Notes
Turn   | Place    | Note
-------+----------+-------------------------------------------
     0 | D:1      | Shayle the Vine Stalker Warper began the quest for the Orb.
     0 | D:1      | Reached XP level 1. HP: 11/11 MP: 4/4
   152 | D:1      | Reached XP level 2. HP: 14/15 MP: 4/6
   161 | D:1      | Found a faded altar of an unknown god.
   280 | D:1      | Reached skill level 3 in Unarmed Combat
   879 | D:1      | Reached XP level 3. HP: 16/18 MP: 7/7
  1826 | D:2      | Reached skill level 4 in Unarmed Combat
  2022 | D:2      | Found Zyryxoje's Magic Scroll Shop.
  2033 | D:2      | Gained mutation: Your natural rate of healing is unusually
                  | fast. [Vine Stalker growth]
  2033 | D:2      | Reached XP level 4. HP: 23/23 MP: 8/8
  2907 | D:2      | Reached skill level 5 in Unarmed Combat
  2939 | D:3      | Slain by a gnoll

Illustrated notes

Levels and vault maps discovered:
D:1:      dpeg_arrival_simpleton_a, layout_basic, basic_ecumenical_altar,
          hangedman_decor_growths, grunt_decor_mini_mirrors,
          minmay_misc_feat_rugged, chequers_serial_rivers_small_3,
          minmay_surrounded
D:2:      layout_loops_cross, serial_shops, shop, minmay_lizard_king
D:3:      layout_rooms

Skill      XL: |  1  2  3  4 |
---------------+-------------+-----
Unarmed Combat | 3 4 5 |  5.0
Fighting       | |  1.7
Throwing       | |  0.8
Armour         | |  0.7
Dodging        | |  1.5
Spellcasting   | |  2.1
Translocations | |  3.0

Action                   |  1- 3 |  4- 6 || total
-------------------------+-------+-------++-------
Melee: Unarmed           |   130 |    61 ||   191
       Bite              |    27 |    11 ||    38
       Punch             |     2 |     1 ||     3
  Use: Scroll            |     1 |     1 ||     2
Armor: Leather armour    |    48 |    16 ||    64
Dodge: Dodged            |    77 |    43 ||   120

Table legend: (Time is in decaauts)
 A = Elapsed time spent in this place.
 B = Non-inter-level travel time spent in this place.
 C = Inter-level travel time spent in this place.
 D = Time resting spent in this place.
 E = Time spent auto-exploring this place.
 F = Levels seen in this place.
 G = Mean time per level.
                   A        B        C        D        E       F      G
               +--------+--------+--------+--------+--------+-----+--------+
         Total |   2940 |   2724 |    216 |    646 |   1352 |   3 |  980.0 |
       Dungeon |   2940 |   2724 |    216 |    646 |   1352 |   3 |  980.0 |
               +--------+--------+--------+--------+--------+-----+--------+

Top non-repeatable levels by time:
     D:1: 1721 daAuts
     D:2: 1209 daAuts
     D:3: 10 daAuts
